SR
ATHLETIC CLUB KC U-21 @ ORLANDO MAGIC
07/16/2032
 
TOP OF THE 1ST
Athletic Club KC U-21 batting - Pitching for Orlando Magic : RHP Octávio Córdova
Pitching: RHP Octávio Córdova
Batting: RHB Gabriel Camparán 0-0: Called Strike
0-1: Ball
1-1: Ball
2-1: Swinging Strike
2-2: Ball
3-2: Fly out, F9 (Flyball, 9S)
Batting: LHB León Guillén 0-0: Ball
1-0: Called Strike
1-1: Ball
2-1: Ground out 6-3 (Groundball, 56)
Batting: RHB Andy Roarick 0-0: Swinging Strike
0-1: Ball
1-1: Swinging Strike
1-2: Foul Ball, location: 2F
1-2: Foul Ball, location: 2F
1-2: Ball
2-2: Strikes out looking
Top of the 1st over - 0 runs, 0 hits, 0 errors, 0 left on base; Athletic Club KC 0 - Orlando 0
BOTTOM OF THE 1ST
Orlando Magic batting - Pitching for Athletic Club KC U-21 : RHP Pat Cox
Pitching: RHP Pat Cox
Batting: LHB Jimmy Wilcox 0-0: Foul Ball, location: 2F
0-1: Called Strike
0-2: Ball
1-2: Foul Ball, location: 2F
1-2: Ball
2-2: SINGLE (Flyball, 78M)
Batting: SHB Soren Loen 0-0: Ball
1-0: Foul Ball, location: 2F
1-1: Ball
2-1: SINGLE (Groundball, 34) (infield hit)
Jimmy Wilcox to second
Batting: SHB Manny López 0-0: Grounds into double play, 4-6-3 (Groundball, 4)
Jimmy Wilcox to third
Batting: LHB Ewan Manshert 0-0: Ball
1-0: Called Strike
1-1: Ball
2-1: Foul Ball, location: 2F
2-2: Foul Ball, location: 2F
2-2: Ball
3-2: Fly out, F9 (Flyball, 9S)
Bottom of the 1st over - 0 runs, 2 hits, 0 errors, 1 left on base; Athletic Club KC 0 - Orlando 0
TOP OF THE 2ND
Athletic Club KC U-21 batting - Pitching for Orlando Magic : RHP Octávio Córdova
Batting: RHB Travis Murphy 0-0: Foul Ball, location: 2F
0-1: Ball
1-1: Foul Ball, location: 2F
1-2: Foul Ball, location: 2F
1-2: Ball
2-2: Ground out 1-3 (Groundball, 15S)
Batting: RHB Domingo Zamora 0-0: Foul Ball, location: 2F
0-1: Foul Ball, location: 2F
0-2: Ball
1-2: Ball
2-2: Fly out, F6 (Line Drive, 6M)
Batting: RHB Fu Chen 0-0: SINGLE (Groundball, 4MD)
Batting: RHB Andrés Hernández 0-0: Called Strike
0-1: Ball
1-1: Called Strike
1-2: Fielders Choice at 2nd, 6-4 (Groundball, 6)
Top of the 2nd over - 0 runs, 1 hit, 0 errors, 1 left on base; Athletic Club KC 0 - Orlando 0
BOTTOM OF THE 2ND
Orlando Magic batting - Pitching for Athletic Club KC U-21 : RHP Pat Cox
Batting: SHB Max Bortenschlager 0-0: Ball
1-0: Called Strike
1-1: Foul Ball, location: 2F
1-2: Ball
2-2: Fly out, F7 (Flyball, 78D)
Batting: RHB Héctor Dávila 0-0: Called Strike
0-1: Ball
1-1: Ground out 4-3 (Groundball, 4)
Batting: RHB Adrián Xirau 0-0: SINGLE (Groundball, 56D)
Batting: RHB Beco Bnard 0-0: Called Strike
0-1: Called Strike
0-2: Strikes out swinging
Bottom of the 2nd over - 0 runs, 1 hit, 0 errors, 1 left on base; Athletic Club KC 0 - Orlando 0
TOP OF THE 3RD
Athletic Club KC U-21 batting - Pitching for Orlando Magic : RHP Octávio Córdova
Batting: RHB Elias Klomp 0-0: Called Strike
0-1: Foul Ball, location: 2F
0-2: Ball
1-2: Foul Ball, location: 2F
1-2: Ground out 5-3 (Groundball, 56)
Batting: RHB Rafael Cortéz 0-0: Ball
1-0: Ball
2-0: Ball
3-0: Base on Balls
Batting: RHB Gabriel Camparán 0-0: Called Strike
0-1: Ball
1-1: Ball
2-1: Ball
3-1: Called Strike
3-2: Strikes out swinging
Batting: LHB León Guillén 0-0: Called Strike
0-1: Ball
1-1: Called Strike
1-2: Strikes out looking
Top of the 3rd over - 0 runs, 0 hits, 0 errors, 1 left on base; Athletic Club KC 0 - Orlando 0
BOTTOM OF THE 3RD
Orlando Magic batting - Pitching for Athletic Club KC U-21 : RHP Pat Cox
Batting: RHB Ángel Castro 0-0: Ball
1-0: Swinging Strike
1-1: Swinging Strike
1-2: Ball
2-2: Ball
3-2: Ground out 6-3 (Groundball, 6)
Batting: LHB Jimmy Wilcox 0-0: Ball
1-0: Swinging Strike
1-1: Ball
2-1: SINGLE (Flyball, 89M)
Batting: SHB Soren Loen 0-0: Ball
1-0: Ball
2-0: Fielders Choice at 2nd, 4-6 (Groundball, 4)
Batting: SHB Manny López 0-0: Called Strike
0-1: Ball
1-1: Ball
2-1: Ball
3-1: Foul Ball, location: 2F
3-2: SINGLE (Groundball, 4D)
Soren Loen to second
Soren Loen to third
Batting: LHB Ewan Manshert 0-0: Called Strike
0-1: Foul Ball, location: 2F
0-2: Foul Ball, location: 2F
0-2: Strikes out looking
Bottom of the 3rd over - 0 runs, 2 hits, 0 errors, 2 left on base; Athletic Club KC 0 - Orlando 0
TOP OF THE 4TH
Athletic Club KC U-21 batting - Pitching for Orlando Magic : RHP Octávio Córdova
Batting: RHB Andy Roarick 0-0: Called Strike
0-1: Ground out 6-3 (Groundball, 6)
Batting: RHB Travis Murphy 0-0: Ball
1-0: Ball
2-0: Called Strike
2-1: Fly out, F8 (Flyball, 78S)
Batting: RHB Domingo Zamora 0-0: Ball
1-0: Swinging Strike
1-1: Ground out 6-3 (Groundball, 6)
Top of the 4th over - 0 runs, 0 hits, 0 errors, 0 left on base; Athletic Club KC 0 - Orlando 0
BOTTOM OF THE 4TH
Orlando Magic batting - Pitching for Athletic Club KC U-21 : RHP Pat Cox
Batting: SHB Max Bortenschlager 0-0: Called Strike
0-1: Ball
1-1: Ball
2-1: SINGLE (Line Drive, 34)
Batting: RHB Héctor Dávila 0-0: Ball
1-0: SINGLE (Groundball, 56D)
Max Bortenschlager to second
Batting: RHB Adrián Xirau 0-0: Grounds into double play, 6-4-3 (Groundball, 6)
Max Bortenschlager to third
Batting: RHB Beco Bnard 0-0: Ball
1-0: Swinging Strike
1-1: SINGLE (Groundball, 56D)
Max Bortenschlager scores
Batting: RHB Ángel Castro 0-0: Called Strike
0-1: Fly out, F7 (Flyball, 78M)
Bottom of the 4th over - 1 run, 3 hits, 0 errors, 1 left on base; Athletic Club KC 0 - Orlando 1
TOP OF THE 5TH
Athletic Club KC U-21 batting - Pitching for Orlando Magic : RHP Octávio Córdova
Batting: RHB Fu Chen 0-0: Foul Ball, location: 2F
0-1: Ball
1-1: Called Strike
1-2: Foul Ball, location: 2F
1-2: Ground out 4-3 (Groundball, 4)
Batting: RHB Andrés Hernández 0-0: Fly out, F6 (Line Drive, 6)
Batting: RHB Elias Klomp 0-0: Ball
1-0: Called Strike
1-1: Swinging Strike
1-2: Ball
2-2: Strikes out looking
Top of the 5th over - 0 runs, 0 hits, 0 errors, 0 left on base; Athletic Club KC 0 - Orlando 1
BOTTOM OF THE 5TH
Orlando Magic batting - Pitching for Athletic Club KC U-21 : RHP Pat Cox
Batting: LHB Jimmy Wilcox 0-0: Called Strike
0-1: Ball
1-1: Called Strike
1-2: Foul Ball, location: 2F
1-2: Ground out 6-3 (Groundball, 6MS)
Batting: SHB Soren Loen 0-0: Ball
1-0: Foul Ball, location: 2F
1-1: Foul Ball, location: 2F
1-2: Strikes out looking
Batting: SHB Manny López 0-0: Ball
1-0: Swinging Strike
1-1: Fly out, F8 (Flyball, 78D)
Bottom of the 5th over - 0 runs, 0 hits, 0 errors, 0 left on base; Athletic Club KC 0 - Orlando 1
TOP OF THE 6TH
Athletic Club KC U-21 batting - Pitching for Orlando Magic : RHP Octávio Córdova
Batting: RHB Rafael Cortéz 0-0: Ball
1-0: Swinging Strike
1-1: SINGLE (Flyball, 34D)
Batting: RHB Gabriel Camparán 0-0: Ball
1-0: Swinging Strike
1-1: Ball
2-1: Ball
3-1: Fly out, F8 (Flyball, 8RS)
Batting: LHB León Guillén 0-0: Swinging Strike
0-1: Ball
1-1: Ball
2-1: Ball
3-1: Base on Balls
Rafael Cortéz to second
Batting: RHB Andy Roarick 0-0: Called Strike
0-1: Swinging Strike
0-2: Ball
1-2: Foul Ball, location: 2F
1-2: DOUBLE (Groundball, 5L)
Rafael Cortéz scores
León Guillén to third
Batting: RHB Travis Murphy 0-0: Intentional Walk
Batting: RHB Domingo Zamora 0-0: Swinging Strike
0-1: Called Strike
0-2: Strikes out swinging
Batting: RHB Fu Chen 0-0: Ball
1-0: Foul Ball, location: 2F
1-1: SINGLE (Groundball, 6MD)
León Guillén scores
Andy Roarick to third
Travis Murphy to second
Runner from 3rd tries for Home, SAFE, no throw
Batting: RHB Andrés Hernández 0-0: Ball
1-0: Foul Ball, location: 2F
1-1: Ground out U3 (Groundball, 34S)
Top of the 6th over - 3 runs, 3 hits, 0 errors, 2 left on base; Athletic Club KC 3 - Orlando 1
BOTTOM OF THE 6TH
Orlando Magic batting - Pitching for Athletic Club KC U-21 : RHP Pat Cox
Batting: LHB Ewan Manshert 0-0: Foul Ball, location: 2F
0-1: Foul Ball, location: 2F
0-2: Foul Ball, location: 2F
0-2: Ball
1-2: Ball
2-2: Ball
3-2: Ground out 4-3 (Groundball, 4)
Batting: SHB Max Bortenschlager 0-0: Called Strike
0-1: Ball
1-1: SINGLE (Line Drive, 7LM)
Batting: RHB Héctor Dávila 0-0: Swinging Strike
0-1: Grounds into double play, 6-4-3 (Groundball, 6)
Bottom of the 6th over - 0 runs, 1 hit, 0 errors, 0 left on base; Athletic Club KC 3 - Orlando 1
TOP OF THE 7TH
Athletic Club KC U-21 batting - Pitching for Orlando Magic : RHP Octávio Córdova
Batting: RHB Elias Klomp 0-0: Ball
1-0: Ball
2-0: Foul Ball, location: 2F
2-1: Foul Ball, location: 2F
2-2: SINGLE (Groundball, 56D)
Pitching: RHP Hsui-chen Man
Batting: RHB Rafael Cortéz 0-0: Foul Ball, location: 2F
0-1: SINGLE (Line Drive, 9LM)
Elias Klomp to second
Batting: RHB Gabriel Camparán 0-0: Ball
1-0: Ball
2-0: Called Strike
2-1: Foul Ball, location: 2F
2-2: Ball
3-2: Foul Ball, location: 2F
3-2: Foul Ball, location: 2F
3-2: Base on Balls
Elias Klomp to third
Rafael Cortéz to second
Batting: LHB León Guillén 0-0: Called Strike
0-1: Foul Ball, location: 2F
0-2: Ball
1-2: Fly out, F7 (Flyball, 7D)
Runner from 3rd tags up, OUT at HOME
Rafael Cortéz to third
Gabriel Camparán to second
Batting: RHB Andy Roarick 0-0: SINGLE (Flyball, 78M)
Rafael Cortéz scores
Gabriel Camparán to third
Runner from 3rd tries for Home, SAFE, no throw
Batting: RHB Travis Murphy 0-0: Ball
1-0: Foul Ball, location: 2F
1-1: Ball
2-1: Foul Ball, location: 2F
2-2: Strikes out swinging
Top of the 7th over - 2 runs, 3 hits, 0 errors, 1 left on base; Athletic Club KC 5 - Orlando 1
BOTTOM OF THE 7TH
Orlando Magic batting - Pitching for Athletic Club KC U-21 : RHP Pat Cox
Batting: RHB Adrián Xirau 0-0: Called Strike
0-1: Ball
1-1: Foul Ball, location: 2F
1-2: SINGLE (Flyball, 9S)
Pitching: RHP Donald Higgins
Batting: RHB Beco Bnard 0-0: DOUBLE (Line Drive, 9LD)
Adrián Xirau to third
Batting: RHB Ángel Castro 0-0: Called Strike
0-1: Foul Ball, location: 2F
0-2: Hit by Pitch
Batting: LHB Jimmy Wilcox 0-0: Ball
1-0: Swinging Strike
1-1: Ball
2-1: Called Strike
2-2: Foul Ball, location: 2F
2-2: Fly out, F3 (Popup, 3F)
Batting: SHB Soren Loen 0-0: Called Strike
0-1: Ball
1-1: Swinging Strike
1-2: Fielders Choice at 2nd, 6-4 (Groundball, 6)
Adrián Xirau scores
Beco Bnard to third
Batting: SHB Manny López 0-0: Ball
1-0: Swinging Strike
1-1: Foul Ball, location: 2F
1-2: Foul Ball, location: 2F
1-2: Foul Ball, location: 2F
1-2: Strikes out swinging
Bottom of the 7th over - 1 run, 2 hits, 0 errors, 2 left on base; Athletic Club KC 5 - Orlando 2
TOP OF THE 8TH
Athletic Club KC U-21 batting - Pitching for Orlando Magic : RHP Hsui-chen Man
Batting: RHB Domingo Zamora 0-0: Ball
1-0: Hit by Pitch
Batting: RHB Fu Chen 0-0: Ball
1-0: Ball
2-0: Called Strike
2-1: Called Strike
2-2: Fly out, F9 (Flyball, 9S)
Batting: RHB Andrés Hernández 0-0: Foul Ball, location: 2F
0-1: Called Strike
0-2: Foul Ball, location: 2F
0-2: Strikes out swinging
Batting: RHB Elias Klomp 0-0: Ground out 5-3 (Groundball, 56S)
Top of the 8th over - 0 runs, 0 hits, 0 errors, 1 left on base; Athletic Club KC 5 - Orlando 2
BOTTOM OF THE 8TH
Orlando Magic batting - Pitching for Athletic Club KC U-21 : RHP Donald Higgins
Batting: LHB Ewan Manshert 0-0: Ball
1-0: Ball
2-0: Ball
3-0: Called Strike
3-1: Base on Balls
Batting: SHB Max Bortenschlager 0-0: Foul Ball, location: 2F
0-1: Fly out, F8 (Flyball, 8LM)
Batting: RHB Héctor Dávila 0-0: Ball
1-0: Ball
2-0: Called Strike
2-1: Fly out, F9 (Flyball, 9LS)
Batting: RHB Adrián Xirau 0-0: Swinging Strike
0-1: Called Strike
0-2: Ball
1-2: Ball
2-2: Strikes out looking
Bottom of the 8th over - 0 runs, 0 hits, 0 errors, 1 left on base; Athletic Club KC 5 - Orlando 2
TOP OF THE 9TH
Athletic Club KC U-21 batting - Pitching for Orlando Magic : RHP Hsui-chen Man
Batting: RHB Rafael Cortéz 0-0: Ball
1-0: SINGLE (Line Drive, 6D)
Batting: RHB Gabriel Camparán 0-0: Called Strike
0-1: Ball
1-1: Fly out, F9 (Flyball, 9S)
Batting: LHB León Guillén 0-0: Called Strike
0-1: Foul Ball, location: 2F
0-2: Ball
1-2: Strikes out swinging
Batting: RHB Andy Roarick 0-0: Called Strike
0-1: Ball
1-1: Ball
2-1: Ball
3-1: Swinging Strike
3-2: Strikes out looking
Top of the 9th over - 0 runs, 1 hit, 0 errors, 1 left on base; Athletic Club KC 5 - Orlando 2
BOTTOM OF THE 9TH
Orlando Magic batting - Pitching for Athletic Club KC U-21 : RHP Donald Higgins
Pitching: RHP Ewan Gotobed
Now at 1B: Miguel Gómez
Batting: RHB Beco Bnard 0-0: Called Strike
0-1: Swinging Strike
0-2: Ball
1-2: Strikes out looking
Batting: RHB Ángel Castro 0-0: Called Strike
0-1: Foul Ball, location: 2F
0-2: Ball
1-2: Ball
2-2: Foul Ball, location: 2F
2-2: Foul Ball, location: 2F
2-2: Strikes out swinging
Batting: LHB Jimmy Wilcox 0-0: Ball
1-0: Swinging Strike
1-1: Ball
2-1: Ball
3-1: Base on Balls
Batting: SHB Soren Loen 0-0: Ball
1-0: Called Strike
1-1: Ground out U3 (Groundball, 3)
Bottom of the 9th over - 0 runs, 0 hits, 0 errors, 1 left on base; Athletic Club KC 5 - Orlando 2
Wednesday, September 19th, 2018 - OOTP Baseball 18.8 Build 76